 Dungeon Crawl Stone Soup version 0.20.1-1-g8b1a95d (webtiles) character file.

32 McKennaii the Vexing (level 3, 0/17 HPs)
             Began as a Spriggan Arcane Marksman on Aug 16, 2017.
             Slain by a kobold
             ... wielding a +0 short sword
              (3 damage)
             ... on level 2 of the Dungeon.
             The game lasted 00:04:24 (1035 turns).

McKennaii the Vexing (Spriggan Arcane Marksman)     Turns: 1035, Time: 00:04:24

Health: 0/17       AC:  2    Str:  6    XL:     3   Next: 8%
Magic:  4/6        EV: 18    Int: 14    God:
Gold:   73         SH:  0    Dex: 17    Spells: 4/5 levels left

rFire    . . .     SeeInvis +   a - +0 shortbow
rCold    . . .     Gourm    .   (shield currently unavailable)
rNeg     . . .     Faith    .   e - +0 robe
rPois    .         Spirit   .   (helmet restricted)
rElec    .         Reflect  .   (no cloak)
rCorr    .         Harm     .   (gloves unavailable)
MR       .....                  (boots unavailable)
Stlth    ++........             (no amulet)
Regen    0.1/turn               (no ring)
MPRegen  0.1/turn               (no ring)

@: flying, hasted, very quick
A: unfitting armour, see invisible, herbivore 3, speed 3, slow metabolism 2
a: no special abilities


You were on level 2 of the Dungeon.
You were not hungry.

You visited 1 branch of the dungeon, and saw 2 of its levels.

You collected 73 gold pieces.

Inventory:

Hand Weapons
 a - a +0 shortbow (weapon)
Missiles
 d - 22 arrows (quivered)
Armour
 e - a +0 robe (worn)
Scrolls
 h - a scroll of magic mapping {unknown}
 i - 2 scrolls of enchant weapon {unknown}
 k - a scroll of identify {unknown}
 m - a scroll of remove curse {unknown}
 n - a scroll of blinking {unknown}
 q - a scroll of teleportation {unknown}
 r - a scroll of immolation {unknown}
Potions
 l - a potion of mutation {unknown}
 p - a potion of heal wounds {unknown}
Books
 c - a book of Debilitation

   Spells                             Type                      Level
   a - Corona                         Hexes                        1
   b - Slow                           Hexes                        2
   c - Inner Flame                    Hexes/Fire                   3
   d - Portal Projectile              Hexes/Translocation          3
   e - Cause Fear                     Hexes                        4
   f - Leda's Liquefaction            Hexes/Earth                  4
Comestibles
 f - a bread ration
 g - a royal jelly
 o - 4 fruits


   Skills:
 + Level 0.7 Fighting
 * Level 3.2 Bows
 + Level 3.3 Dodging
 + Level 0.4 Stealth
 + Level 1.9 Spellcasting
 + Level 4.2 Hexes


You had 4 spell levels left.
You knew the following spells:

 Your Spells              Type           Power        Failure   Level  Hunger
a - Corona                Hex            ##.....      4%          1    ##.....


Dungeon Overview and Level Annotations

Branches:
Dungeon (2/15)

Altars:


Innate Abilities, Weirdness & Mutations

You are very small and have problems with some larger weapons.
You are too small for most types of armour.
You have supernaturally acute eyesight. (SInv)
You are a herbivore.
You cover ground extremely quickly.
You need consume almost no food.


Message History

The hobgoblin barely misses you. The kobold barely misses you.
Firing (i - inventory):
d - 23 arrows (quivered)
Press: ? - help, Shift-Dir - straight line, f/p - hobgoblin
Aim: a hobgoblin, wielding a club (moderately wounded)
You shoot an arrow.
The arrow hits the hobgoblin but does no damage.
The hobgoblin is moderately wounded.
The hobgoblin closely misses you. The kobold closely misses you.
The hobgoblin hits you with a club.
* * * LOW HITPOINT WARNING * * *
You are too injured to fight recklessly!
Okay, then.
It was a potion of flight.
You feel very buoyant.
You fly up into the air.
The kobold barely misses you. The hobgoblin closely misses you.
You see here a sedimented coppery potion.
It was a potion of haste.
You feel yourself speed up. The hobgoblin closely misses you.
The kobold hits you with a short sword.
You die...

# .. ... ## ....
..# ....(#####.#
......g@##.#
#....##K##.#
##.#.#..##.#
...........## .#
##..........# .#
#..##..##..##.####
#.. #..##.........
#. ..##.......###
. .(.##.....###


You could see a hobgoblin and a kobold.

Vanquished Creatures
  An adder (D:1)
  5 bats (D:1)
  4 hobgoblins (D:1)
  2 jackals (D:1)
  5 kobolds (D:1)
  A ball python (D:1)
  A frilled lizard (D:1)
  2 goblins
  A rat (D:1)
22 creatures vanquished.

Notes
Turn   | Place    | Note
-------+----------+-------------------------------------------
     0 | D:1      | McKennaii the Spriggan Arcane Marksman began the quest for the Orb.
     0 | D:1      | Reached XP level 1. HP: 9/9 MP: 3/3
   304 | D:1      | Reached skill level 4 in Hexes
   304 | D:1      | Reached XP level 2. HP: 14/14 MP: 0/5
   903 | D:1      | Reached XP level 3. HP: 15/17 MP: 3/6
  1035 | D:2      | Slain by a kobold

Skill      XL: |  1  2 |
---------------+-------+-----
Hexes          | 4 |  4.2
Bows           | 3 |  3.2
Fighting       | |  0.7
Dodging        | |  3.3
Stealth        | |  0.4
Spellcasting   | |  1.9

Action                   || total
-------------------------++-------
 Fire: Shortbow          ||    69
 Cast: Corona            ||    32
  Use: Potion            ||     2
Armor: Robe              ||     3
Dodge: Dodged            ||    51
